 Dungeon Crawl Stone Soup version 0.24-a0-618-ge4662a2d14 (webtiles) character file.

Game seed: 13638051851530912376, levelgen mode: deterministic

5 Gargoyl the Skirmisher (level 1, -2/19 HPs)
             Began as a Centaur Abyssal Knight on Sept 16, 2019.
             Was a Follower of Lugonu.
             Slain by a small abomination (21 damage)
             ... on level 3 of the Abyss.
             The game lasted 00:00:53 (304 turns).

Gargoyl the Skirmisher (Centaur Abyssal Knight)      Turns: 304, Time: 00:00:54

Health: -2/19      AC:  4    Str: 14    XL:     1   Next: 66%
Magic:  2/2        EV:  9    Int: 11    God:    Lugonu [*.....]
Gold:   51         SH:  0    Dex:  8    Spells: 0/0 levels left

rFire    . . .     SeeInvis +   a - +1 hand axe
rCold    . . .     Gourm    .   (no shield)
rNeg     . . .     Faith    .   b - +0 leather armour
rPois    .         Spirit   .   (no helmet)
rElec    .         Reflect  .   (no cloak)
rCorr    .         Harm     .   (no gloves)
MR       .....                  (no barding)
Stlth    ..........             (no amulet)
HPRegen  0.06/turn              f - ring of see invisible
MPRegen  0.08/turn              (no ring)

@: very quick
A: large, hooves 3, deformed body, speed 2, tough skin 3
a: Depart the Abyss, Renounce Religion


You were on level 3 of the Abyss.
You worshipped Lugonu.
Lugonu was aware of your devotion.
You were not hungry.

You visited 0 branches of the dungeon, and saw 0 of its levels.
You visited the Abyss 1 time.

You collected 51 gold pieces.

Inventory:

Hand Weapons
 a - a +1 hand axe (weapon)
Armour
 b - a +0 leather armour (worn)
Jewellery
 f - a ring of see invisible (left hand)
Potions
 d - a potion of flight {unknown}
Comestibles
 c - a ration


   Skills:
 + Level 3.2 Fighting
 + Level 1.8 Axes
 + Level 1.5 Armour
 + Level 0.6 Dodging
 + Level 2.0 Invocations


You couldn't memorise any spells.
You didn't know any spells.
Your spell library was empty.

Dungeon Overview and Level Annotations

Branches:
Dungeon (0/15)

Altars:


Innate Abilities, Weirdness & Mutations

You have hooves in place of feet.
Armour fits poorly on your strangely shaped body.
You cover ground very quickly.
You have extremely tough skin. (AC +3)


Message History

You see here a leather armour.
A ynoxinul comes into view.
The ynoxinul bellows!
A large abomination comes into view.
Found a gateway leading deeper into the Abyss.
A large abomination comes into view.
There is a gateway leading deeper into the Abyss here.
You plunge deeper into the Abyss.
The abyssal rune of Zot can be found at this depth.
f - a ring of see invisible (left hand)
As you read the scroll labeled QERRIZ VERAV, it crumbles to dust.
You feel blessed for a moment.
It was a scroll of remove curse.
It was a potion of curing.
You feel better.
d - a lumpy blue potion HP restored.
A large abomination comes into view.
A small abomination comes into view.
The small abomination hits you!!
Ouch! That really hurt!
You die...

###.. ##....##.# # ≈ .
..## # ........... ≈≈
#.##. .##............
≈≈.###...##..... #..#..
# #...###..#..###... .
# #≈≈##.....##...#.#..
#...
.X≈.....###.#.#.....#.
.#
..♣####.#....##.#...#..
##@x.## . #.. .#. #.#.#
. .. .###.# .### . ..
.. . # ... #. ... ...
#### . .. .# .. .# # .
. .. .


You could see a small abomination.

Vanquished Creatures
  An ufetubus (Abyss:1)
1 creature vanquished.

Notes
Turn   | Place    | Note
-------+----------+-------------------------------------------
     0 | Abyss:1  | Gargoyl the Centaur Abyssal Knight began the quest for the
                  | Orb.
     0 | Abyss:1  | Reached XP level 1. HP: 19/19 MP: 2/2
     9 | Abyss:1  | Found a shimmering blue altar of Sif Muna.
   112 | Abyss:1  | Noticed a large abomination
   212 | Abyss:2  | Noticed a large abomination
   227 | Abyss:2  | Noticed a ynoxinul
   237 | Abyss:2  | Noticed a large abomination
   242 | Abyss:2  | Noticed a large abomination
   302 | Abyss:3  | Noticed a large abomination
   303 | Abyss:3  | Noticed a small abomination
   304 | Abyss:3  | Slain by a small abomination

Levels and vault maps discovered:
Abyss:3:  minivault_11, minivault_22, gammafunk_abyss_rune_reverse_zot

Action                   || total
-------------------------++-------
Melee: Hand axe          ||     5
       Kick              ||     1
  Use: Scroll            ||     3
       Potion            ||     1
Armor: Leather armour    ||     1
Dodge: Dodged            ||     8

Table legend:
 A = Non-vault XP
 B = Vault XP
 C = Vault XP percentage of total XP
 D = Non-vault monster count
 E = Vault monster count
 F = Vault count percentage of total count
                 A         B        C        D         E       F
            +---------+---------+-------+---------+---------+-------
      Total |       8 |       0 |   0.0 |       1 |       0 |   0.0
            +---------+---------+-------+---------+---------+-------
    Abyss:1 |       8 |       0 |   0.0 |       1 |       0 |   0.0
            +---------+---------+-------+---------+---------+-------
